 Dungeon Crawl Stone Soup version 0.31.0-1-g2c135a008e (webtiles) character file.

Game seed: 10324926285739283753

263 qw the Shooter (level 6, -1/46 HPs)
             Began as a Djinni Hunter on Jan 23, 2024.
             Slain by a kobold brigand
             ... wielding a +0 short sword
              (5 damage)
             ... in a sewer.
             The game lasted 00:00:08 (2044 turns).

qw the Shooter (Djinni Hunter)                      Turns: 2044, Time: 00:00:09

Health: -1/46      AC:  4    Str: 10    XL:     6   Next: 42%
Gold:   119        EV: 13    Int: 10    God:
                   SH:  0    Dex: 19

rFire   + + .        a - +1 shortbow
rCold   x . .        (shield currently unavailable)
rNeg    . . .        c - +0 leather armour
rPois   inf          (no helmet)
rElec   .            (no cloak)
rCorr   .            e - +0 pair of gloves
SInv    .            (boots unavailable)
Will    .....        (no amulet)
Stlth   ++           (no ring)
HPRegen 0.27/turn    (no ring)
MPRegen 0.00/turn

%: infuse magic (-2 HP)
@: flying
A: sickness immunity, fire resistance 2, cold vulnerability 1, float, innate
caster, HP casting, extra vitality 1
a: no special abilities


You were in a sewer.
You visited 1 branch of the dungeon, and saw 3 of its levels.
You also visited: Sewer.

You collected 119 gold pieces.


Innate Abilities, Weirdness & Mutations

You are immune to sickness and miasma.
You are immune to poison.
Your flesh is very heat resistant. (rF++)
You are vulnerable to cold. (rC-)
You float through the air rather than walking.
You learn spells naturally, not from books.
Your magical power is your life essence.
You have superior vitality. (+4 MHP)


   Skills:
 + Level 3.0 Fighting
 - Level 5.0 Ranged Weapons
 - Level 2.3 Armour
 - Level 3.0 Dodging
 - Level 0.7 Stealth


You knew the following spells:

 Your Spells              Type           Power      Damage    Failure   Level
a - Necrotise             Necr           0%         1d4       45%         1
b - Momentum Strike       Conj/Tloc      0%         3d8       58%         2
Your spell library was empty.

Inventory:

Hand Weapons
 a - a +1 shortbow (weapon)
Armour
 c - a +0 leather armour (worn)
 e - a +0 pair of gloves (worn)
 j - a +0 ring mail
Scrolls
 b - 2 scrolls of identify
Potions
 d - 2 potions of might {unknown}
 f - a potion of attraction {unknown}
 g - a potion of brilliance {unknown}
 h - 2 potions of heal wounds {unknown}
 i - a potion of resistance {unknown}
 k - a potion of curing {unknown}
 l - a potion of invisibility {unknown}
 m - a potion of mutation {unknown}

Dungeon Overview and Level Annotations

Branches:
Dungeon (3/15)              Sewer (1/1)

Altars:


Message History

The kobold brigand is moderately wounded.
The rat barely misses you. x2; The kobold brigand closely misses you.
You shoot an arrow. The arrow hits the kobold brigand.
The kobold brigand is moderately wounded.
The rat barely misses you. The kobold hits you with a +0 whip.
The kobold brigand barely misses you. The rat closely misses you.
The rat misses you. The kobold brigand closely misses you.
The kobold closely misses you. The rat bites you but does no damage.
You shoot an arrow. The arrow hits the kobold brigand.
The kobold brigand is heavily wounded.
The rat bites you but does no damage. The kobold hits you with a +0 whip.
The rat bites you. The kobold brigand closely misses you.
You shoot an arrow.
The arrow barely misses the kobold brigand.
The rat closely misses you. The kobold barely misses you.
The rat bites you but does no damage. The kobold brigand closely misses you.
You shoot an arrow.
The arrow closely misses the kobold brigand.
The rat twitches its whiskers.
The rat completely misses you. The kobold hits you but does no damage.
The rat bites you but does no damage.
The kobold brigand hits you with a +0 short sword.
You shoot an arrow.
The arrow closely misses the kobold brigand.
The rat closely misses you. The kobold hits you with a +0 whip.
The rat barely misses you.
The kobold brigand hits you with a +0 short sword.
You shoot an arrow.
The arrow hits the kobold brigand but does no damage.
The kobold brigand is heavily wounded.
The rat misses you. The kobold hits you but does no damage.
The kobold brigand barely misses you. The rat barely misses you.
The rat closely misses you. The kobold brigand misses you.
The kobold hits you with a +0 whip. The rat barely misses you.
You shoot an arrow.
The arrow barely misses the kobold brigand.
The rat closely misses you. The kobold hits you but does no damage.
The rat barely misses you.
The kobold brigand hits you with a +0 short sword.
You die...

##....~~~~~~
##....~.~~~~~~.....
#.....~~~~~~~~~...#
#.....#~~~~~~~....#
#....##~~~~~~~....##
#....#~~~~~~~~.....#
##....~~~~~~~~~~....#
#....~~~~~~~~~~rr..#
#....~~~~~~~~~~)@K.#
###)###~#~#~####K###
#.....##~#~#~# .).
#..)..#~#~#~##.....
##...###~#~#~##...##
#....)#~# #~##.....
#..#..## #~#..#.?
####### ~### ###
~~~~~~~~ ~


You could see a kobold brigand, a kobold and 2 rats.

Vanquished Creatures
  2 kobold brigands (Sewer)
  2 adders (Sewer)
  5 river rats (Sewer)
  A ribbon worm (D:3)
  3 bats
  3 endoplasms
  2 giant cockroaches (D:3)
  A goblin (D:2)
  2 hobgoblins (D:1)
  4 jackals (D:1)
  21 kobolds
  7 ball pythons
  4 frilled lizards
  16 rats
73 creatures vanquished.

Notes
Turn   | Place    | Note
-------+----------+-------------------------------------------
     0 | D:1      | qw the Djinni Hunter began the quest for the Orb.
     0 | D:1      | Reached XP level 1. HP: 18/18 MP: 0/0
     0 | D:1      | 0 ||| qw: Version: 0.3-a-136-gdd3b4e8
     0 | D:1      | 0 ||| qw: Game counter: 971
     0 | D:1      | 0 ||| qw: Melee chars always use a shield: true
     0 | D:1      | 0 ||| qw: God list: Okawaru
     0 | D:1      | 0 ||| qw: Allow faded altars: false
     0 | D:1      | 0 ||| qw: Do Orc after clearing Dungeon:15 true
     0 | D:1      | 0 ||| qw: Do second Lair branch before Depths: true
     0 | D:1      | 0 ||| qw: Lair rune preference: random
     0 | D:1      | 0 ||| qw: Goals: Normal
     0 | D:1      | 0 ||| PLANNING D:1-11
   132 | D:1      | 132 ||| RETREEEEATING.
   134 | D:1      | 134 ||| RETREEEEATING.
   135 | D:1      | 135 ||| RETREEEEATING.
   136 | D:1      | 136 ||| RETREEEEATING.
   137 | D:1      | 137 ||| RETREEEEATING.
   138 | D:1      | 138 ||| RETREEEEATING.
   141 | D:1      | Reached XP level 2. HP: 19/23 MP: 0/0
   317 | D:1      | Found a faded altar of an unknown god.
   727 | D:1      | 727 ||| READING scroll labelled YXKOQOROEN.
   828 | D:1      | 828 ||| DROPPING scroll of butterflies.
  1126 | D:2      | Reached XP level 3. HP: 28/28 MP: 0/0
  1126 | D:2      | Learned a level 1 spell: Necrotise
  1131 | D:2      | Reached skill level 4 in Ranged Weapons
  1389 | D:2      | 1389 ||| UPGRADING to +0 pair of gloves.
  1394 | D:2      | 1394 ||| READING 2 scrolls labelled HAJ QEOROR.
  1395 | D:2      | 1395 ||| READING scroll labelled IBUNAUSIWE.
  1395 | D:2      | 1395 ||| ENCHANTING +0 shortbow.
  1396 | D:2      | 1396 ||| READING scroll labelled PUWNE ANTULANE.
  1396 | D:2      | 1396 ||| IDENTIFYING fizzy orange potion
  1397 | D:2      | 1397 ||| READING scroll labelled HICUUM CALA.
  1398 | D:2      | 1398 ||| DROPPING scroll of amnesia.
  1399 | D:2      | 1399 ||| DROPPING potion of lignification.
  1431 | D:3      | Found a glowing drain.
  1432 | D:3      | 1432 ||| PLANNING SEWER
  1481 | Sewer    | Entered a sewer
  1565 | Sewer    | Reached skill level 3 in Fighting
  1565 | Sewer    | Reached XP level 4. HP: 27/35 MP: 0/0
  1680 | Sewer    | Noticed a kobold brigand
  1700 | Sewer    | Reached skill level 3 in Dodging
  1761 | Sewer    | Killed a kobold brigand
  1762 | Sewer    | Reached XP level 5. HP: 13/40 MP: 0/0
  1762 | Sewer    | Learned a level 2 spell: Momentum Strike
  1951 | Sewer    | Reached skill level 5 in Ranged Weapons
  1982 | Sewer    | Reached XP level 6. HP: 46/46 MP: 0/0
  2041 | Sewer    | HP: 11/46 [kobold brigand/+0 short sword (4)]
  2043 | Sewer    | HP: 3/46 [kobold/+0 whip (3)]
  2044 | Sewer    | Slain by a kobold brigand

Levels and vault maps discovered:
D:1:      psy_arrival_heroes, layout_loops_ring,
          shapermc_ecumenical_altar_hornbeckon, minmay_tromino_v2
D:2:      layout_loops_cross, hangedman_decor_push, minmay_bisected
D:3:      layout_basic, cheibrodos_sewer_entry_drain, grunt_decor_resistance,
          st_stairs_10
Sewer:    sewer_minmay_treatment

Skill      XL: |  1  2  3  4  5  6 |
---------------+-------------------+-----
Ranged Weapons | 4 5 |  5.0
Fighting       | 3 |  3.0
Dodging        | 3 |  3.0
Armour         | 2 |  2.3
Stealth        | |  0.7

Action                     |  1- 3 |  4- 6 || total
---------------------------+-------+-------++-------
   Fire: Shortbow          |    96 |   118 ||   214
    Use: Scroll            |     5 |       ||     5
 Armour: Leather armour    |    30 |    74 ||   104
  Dodge: Dodged            |    26 |    85 ||   111

Table legend:
 A = Non-vault XP
 B = Vault XP
 C = Vault XP percentage of total XP
 D = Non-vault monster count
 E = Vault monster count
 F = Vault count percentage of total count
                 A         B        C        D         E       F
            +---------+---------+-------+---------+---------+-------
      Total |      27 |     349 |  92.8 |      16 |      57 |  78.1
            +---------+---------+-------+---------+---------+-------
        D:1 |      20 |       1 |   4.8 |      11 |       1 |   8.3
        D:2 |       7 |       4 |  36.4 |       5 |       3 |  37.5
        D:3 |       0 |       9 | 100.0 |       0 |       4 | 100.0
      Sewer |       0 |     335 | 100.0 |       0 |      49 | 100.0
            +---------+---------+-------+---------+---------+-------
